 Dungeon Crawl Stone Soup version 0.22-a0-181-gb22368a (webtiles) character file.

2549 Amnesiac the Thaumaturge (level 9, -14/57 HPs)
             Began as a Mummy Earth Elementalist on Feb 14, 2018.
             Demolished by an orc warrior
             ... wielding a +0 trident
              (22 damage)
             ... on level 6 of the Dungeon.
             The game lasted 00:10:25 (7083 turns).

Amnesiac the Thaumaturge (Mummy Earth Elementalist) Turns: 7083, Time: 00:10:26

Health: -14/57     AC:  5    Str: 11    XL:     9   Next: 30%
Magic:  17/21      EV: 12    Int: 18    God:
Gold:   194        SH:  0    Dex: 12    Spells: 12/24 levels left

rFire    x . .     SeeInvis .   j - +2 dagger (venom)
rCold    + . .     Gourm    .   (no shield)
rNeg     + + +     Faith    .   c - +0 robe
rPois    ∞         Spirit   .   (no helmet)
rElec    .         Reflect  .   o - +2 cloak {+Inv}
rCorr    .         Harm     .   (no gloves)
MR       +....                  (no boots)
Stlth    ++........             (no amulet)
HPRegen  0.19/turn              (no ring)
MPRegen  0.17/turn              (no ring)

@: very slightly contaminated
A: no food or potions, fire vulnerability, cold resistance 1, negative energy
resistance 3, torment resistance, unbreathing
a: Evoke Invisibility


You were on level 6 of the Dungeon.
You were not hungry.

You visited 2 branches of the dungeon, and saw 7 of its levels.

You collected 194 gold pieces.

Inventory:

Hand Weapons
 j - a +2 dagger of venom (weapon)
 q - a +1 dagger of venom
 v - a +2 short sword of venom
Missiles
 b - 99 stones (quivered)
 i - 41 poisoned needles
 t - 5 curare-tipped needles
Armour
 c - a +0 robe (worn)
 o - a +2 cloak of invisibility (worn)
 s - a +2 robe of resistance
 x - a scarf of spirit shield
Jewellery
 h - a +2 ring of evasion {unknown}
 m - an uncursed ring of protection from cold {unknown}
 p - an uncursed ring of protection from magic {unknown}
Wands
 r - a wand of flame (27)
Scrolls
 a - 2 scrolls of teleportation {!r, unknown}
 e - 6 scrolls of remove curse {!r, unknown}
 f - a scroll of enchant weapon {!r, unknown}
 g - 8 scrolls of identify {!r, unknown}
 k - 2 scrolls of noise {!r, unknown}
 l - 2 scrolls of enchant armour {!r, unknown}
 n - 3 scrolls of random uselessness {!r, unknown}
 u - 3 scrolls of amnesia {!r, unknown}
Books
 d - a book of Geomancy

   Spells                             Type                      Level
   a - Sandblast                      Earth                        1
   b - Passwall                       Transmutation/Earth          2
   c - Stone Arrow                    Conjuration/Earth            3
   d - Petrify                        Transmutation/Earth          4
   e - Lee's Rapid Deconstruction     Earth                        5
 w - a book of Minor Magic

   Spells                             Type                      Level
   a - Magic Dart                     Conjuration                  1
   b - Blink                          Translocation                2
   c - Call Imp                       Summoning                    2
   d - Slow                           Hexes                        2
   e - Conjure Flame                  Conjuration/Fire             3
   f - Mephitic Cloud                 Conjuration/Poison/Air       3


   Skills:
 - Level 4.0 Short Blades
 - Level 1.5 Dodging
 + Level 3.4 Stealth
 - Level 8.0 Spellcasting
 - Level 1.0 Transmutations
 - Level 8.0 Earth Magic


You had 12 spell levels left.
You knew the following spells:

 Your Spells              Type           Power        Failure   Level  Hunger
a - Sandblast             Erth           #####.       1%          1    N/A
b - Passwall              Tmut/Erth      ###.......   2%          2    N/A
d - Lee's Rapid Deconstr  Erth           #####.....   10%         5    N/A
e - Petrify               Tmut/Erth      ###.....     16%         4    N/A

Dungeon Overview and Level Annotations

Branches:
Dungeon (6/15)             Temple (1/1) D:5

Altars:
Cheibriados
Dithmenos
Elyvilon
Hepliaklqana
Makhleb
Qazlal
Ru
Sif Muna
Uskayaw
Vehumet
Wu Jian
Xom
The Shining One


Innate Abilities, Weirdness & Mutations

You do not eat or drink.
Your flesh is vulnerable to fire.
You are immune to poison.
Your flesh is cold resistant. (rC+)
You are immune to negative energy. (rN+++)
You are immune to unholy pain and torment.
You can survive without breathing.


Message History

Magic restored.
You start resting.
Magic restored.
You start waiting.
Your magical contamination has completely faded away.
You fail to use your ability.
You fade into invisibility!
You are very lightly contaminated with residual magic.
The orc priest shouts!
You hear a shout! x2
Found a dagger.
An orc comes into view. It is wielding a club.
An orc warrior comes into view. It is wielding a trident.
The orc priest barely misses you.
You catch the helpless orc priest completely off-guard!
You puncture the orc priest!
The orc priest is poisoned.
The orc priest is almost dead.
You hit the orc priest but do no damage.
The orc priest looks as sick as possible!
The orc priest is almost dead.
The orc priest closely misses you. The orc warrior barely misses you.
You hit the orc priest.
You kill the orc priest!
The orc warrior hits you from afar with a trident.
You closely miss the orc. The orc hits you with a club.
You hit the orc.
The orc is poisoned.
The orc is almost dead.
The orc warrior hits you from afar with a trident!
The orc misses you.
You hit the orc.
You kill the orc!
The orc warrior closely misses you.
You flicker for a moment.
The orc warrior barely misses you.
You hit the orc warrior.
The orc warrior is lightly wounded.
You hit the orc warrior but do no damage.
The orc warrior is lightly wounded.
You hit the orc warrior but do no damage.
The orc warrior is poisoned.
The orc warrior is lightly wounded.
The orc warrior hits you with a trident!
* * * LOW HITPOINT WARNING * * *
You hit the orc warrior but do no damage.
The orc warrior looks even sicker.
The orc warrior is lightly wounded.
The orc warrior barely misses you.
You barely miss the orc warrior.
The orc warrior is lightly wounded.
The orc warrior hits you with a trident!
* * * LOW HITPOINT WARNING * * *
You are too injured to fight recklessly!
You are too injured to fight recklessly!
You flicker back into view.
The orc warrior hits you from afar with a trident.
* * * LOW HITPOINT WARNING * * *
You see here 6 tomahawks.
Casting: Petrify (slightly dangerous; 16% risk of failure)
Confirm with . or Enter, or press ? or * to list all spells.
Aiming: Petrify (slightly dangerous; 16% risk of failure)
Press: ? - help, Shift-Dir - straight line, f - orc warrior
Aim: an orc warrior, wielding a trident and wearing a chain mail (moderately wounded, poisoned, chance to defeat MR: 52%)
The orc warrior resists with significant effort.
The orc warrior hits you from afar with a trident!!
You die...

).#######..##..##.#..#
#!.........##........#
#......(........#.##.#
#.........##..).#.# #
#.....)...##†##.#..
#......†..##....####
#[........######...#
#^........# #.#.#
..........# #@# #
########### #.# #o#
#.### #.#.#
##########(..#
#....o#......#
#.#o###.....#
#...)...#####


You could see an orc warrior.

Vanquished Creatures
  Pikel (D:5)
  Sigmund (D:2)
  Menkaure (D:5)
  3 slaves (D:5)
  4 ogres
  An orc warrior (D:5)
  3 centaurs
  Blork the orc (D:5)
  A bullfrog (D:6)
  3 scorpions
  A water moccasin skeleton (D:4)
  A wight (D:5)
  4 orc priests
  Crazy Yiuf (D:2)
  A centaur skeleton (D:6)
  A hound (D:4)
  3 orc wizards
  Terence (D:2)
  4 worker ants
  A hound skeleton (D:5)
  A howler monkey skeleton (D:4)
  14 gnolls
  8 adders
  2 shadow imps
  3 oozes
  An adder zombie (D:5)
  2 dart slugs
  2 leopard geckos
  19 orcs
  A ball python (D:6)
  4 bats
  12 giant cockroaches
  8 goblins
  5 hobgoblins
  8 jackals
  3 quokkas
  A frilled lizard (D:4)
  10 kobolds
  A leopard gecko skeleton (D:6)
  A quokka skeleton (D:5)
  3 rats
146 creatures vanquished.

Vanquished Creatures (others)
  A slave (D:5)
1 creature vanquished.

Grand Total: 147 creatures vanquished

Notes
Turn   | Place    | Note
-------+----------+-------------------------------------------
     0 | D:1      | Amnesiac the Mummy Earth Elementalist began the quest for the Orb.
     0 | D:1      | Reached XP level 1. HP: 13/13 MP: 4/4
   329 | D:1      | Reached XP level 2. HP: 19/19 MP: 1/5
   979 | D:1      | Learned a level 2 spell: Passwall
  1038 | D:2      | Reached XP level 3. HP: 19/24 MP: 7/7
  1157 | D:2      | Noticed Terence
  1309 | D:2      | Killed Terence
  1309 | D:2      | Reached skill level 1 in Short Blades
  1489 | D:2      | Reached XP level 4. HP: 30/30 MP: 8/8
  1577 | D:2      | Found a runed door.
  1613 | D:2      | Noticed Sigmund
  1637 | D:2      | Killed Sigmund
  1637 | D:2      | Reached XP level 5. HP: 27/35 MP: 1/11
  1650 | D:2      | Learned a level 4 spell: Petrify
  1656 | D:2      | Learned a level 5 spell: Lee's Rapid Deconstruction
  1820 | D:2      | Found a faded altar of an unknown god.
  2392 | D:2      | Reached XP level 6. HP: 36/41 MP: 5/12
  2649 | D:2      | Noticed Crazy Yiuf
  2652 | D:2      | Killed Crazy Yiuf
  2836 | D:3      | Found an ornate altar of the Wu Jian Council.
  3068 | D:2      | Reached skill level 1 in Transmutations
  3487 | D:3      | Reached skill level 5 in Spellcasting
  3741 | D:4      | Reached skill level 5 in Earth Magic
  3789 | D:4      | Found a hide-covered altar of Uskayaw.
  3789 | D:4      | Noticed a dagger
  3789 | D:4      | Noticed a hand axe
  3803 | D:4      | Reached XP level 7. HP: 46/46 MP: 10/15
  3875 | D:4      | Found a radiant altar of Vehumet.
  4112 | D:4      | Found a hazy altar of Hepliaklqana.
  4644 | D:4      | Found a deep blue altar of Sif Muna.
  4873 | D:5      | Entered Level 5 of the Dungeon
  4880 | D:5      | Reached XP level 8. HP: 38/52 MP: 14/17
  4924 | D:5      | Noticed Blork the orc
  4984 | D:5      | Killed Blork the orc
  5145 | D:5      | Noticed Menkaure
  5183 | D:5      | Killed Menkaure
  5307 | D:5      | Noticed Pikel
  5356 | D:5      | Killed Pikel
  5679 | D:5      | Found a staircase to the Ecumenical Temple.
  5694 | Temple   | Entered the Ecumenical Temple
  6084 | D:6      | Noticed a hippogriff
  6102 | D:5      | Reached XP level 9. HP: 14/57 MP: 17/21
  7083 | D:6      | Demolished by an orc warrior

Vault maps used:
D:1:      minmay_arrival_semitransparent
D:2:      chequers_ecumenical_altar_simple, uniq_terence, uniq_sigmund,
          uniq_crazy_yiuf_cottage
D:3:      lemuel_doored_altar, first_ration
D:4:      lemuel_crystal_altar, vehumet_altar_wand_db, dancing_weapons_uskayaw,
          serial_curves, eino_curves_03, eino_curves_04, lemuel_blue_sif_altar
D:5:      minmay_temple_entry_fiery, uniq_blork_the_orc, uniq_pikel,
          uniq_menkaure
D:6:      lemuel_coloured_pillars_altar
Temple:   nicolae_temple_figure_zero

Skill      XL: |  1  2  3  4  5  6  7  8  9 |
---------------+----------------------------+-----
Spellcasting   | 3 4 5 6 8 |  8.0
Earth Magic    | 3 4 5 6 8 |  8.0
Short Blades   | 1 4 |  4.0
Stealth        | 2 3 |  3.4
Transmutations | 1 |  1.0
Dodging        | |  1.5

Action                   |  1- 3 |  4- 6 |  7- 9 || total
-------------------------+-------+-------+-------++-------
Melee: Dagger            |    64 |   128 |   255 ||   447
Throw: Stone             |       |     2 |     1 ||     3
 Cast: Sandblast         |    13 |    23 |    24 ||    60
       Passwall          |     1 |     2 |    10 ||    13
       Petrify           |       |     3 |    16 ||    19
 Abil: Evoke Invisibilit |       |     2 |     3 ||     5
 Stab: Sleeping          |     2 |     7 |    20 ||    29
       Petrified         |       |     6 |    25 ||    31
       Petrifying        |       |     1 |     3 ||     4
       Invisible         |       |       |     3 ||     3
Armor: Robe              |     8 |    39 |    37 ||    84
Dodge: Dodged            |    46 |    83 |   145 ||   274

Table legend:
 A = Spawn XP
 B = Non-spawn XP
 C = Spawn XP percentage of total XP
 D = Spawn monster count
 E = Non-spawn monster count
 F = Spawn count percentage of total count
 G = Total turns spent on level
                    A         B        C        D         E        F      G
               +---------+---------+-------+---------+---------+-------+---------
         Total |       0 |    3642 |   0.0 |       0 |     143 |   0.0 |  7083
               +---------+---------+-------+---------+---------+-------+---------
           D:1 |       0 |      48 |   0.0 |       0 |      20 |   0.0 |  1244
           D:2 |       0 |     430 |   0.0 |       0 |      24 |   0.0 |  1741
           D:3 |       0 |     181 |   0.0 |       0 |      24 |   0.0 |   741
           D:4 |       0 |     665 |   0.0 |       0 |      29 |   0.0 |  1147
           D:5 |       0 |    1514 |   0.0 |       0 |      25 |   0.0 |  1498
           D:6 |       0 |     804 |   0.0 |       0 |      21 |   0.0 |   576
               +---------+---------+-------+---------+---------+-------+---------
